 Dungeon Crawl Stone Soup version 0.26-a0-651-gb41185065b (webtiles) character file.

Game seed: 1030880379444819441

1437 Irenicus the Carver (level 8, -2/66 HPs)
             Began as a Minotaur Chaos Knight on Oct 29, 2020.
             Was a Plaything of Xom.
             Killed from afar by a raiju (shapeshifter) (16 damage)
             ... with a living lightning
             ... on level 6 of the Dungeon.
             The game lasted 00:10:09 (4054 turns).

Irenicus the Carver (Minotaur Chaos Knight)         Turns: 4054, Time: 00:10:10

Health: -2/66      AC:  8    Str: 17    XL:     8   Next: 45%
Magic:  7/7        EV: 11    Int:  9    God:    Xom [...*..]
Gold:   382        SH:  5    Dex: 12    Spells: 7/7 levels left

rFire    . . .     SeeInvis .   a - +0 falchion (chaos)
rCold    . . .     Faith    .   (no shield)
rNeg     . . .     Spirit   .   b - +2 leather armour
rPois    .         Reflect  +   (helmet restricted)
rElec    .         Harm     .   (no cloak)
rCorr    .         Rampage  .   G - +0 pair of gloves
MR       .....                  f - +1 pair of boots
Stlth    +.........             i - amulet of reflection
HPRegen  0.21/turn              k - +4 ring of slaying
MPRegen  0.10/turn              m - +4 ring of slaying

@: no status effects
A: retaliatory headbutt, horns 2
a: Renounce Religion


You were on level 6 of the Dungeon.
You worshipped Xom.
You were a favourite toy of Xom.
You visited 1 branch of the dungeon, and saw 6 of its levels.
You also visited: Sewer.

You collected 382 gold pieces.

Inventory:

Hand Weapons
 a - a +0 falchion of chaos (weapon)
Armour
 b - a +2 leather armour (worn)
 f - a +1 pair of boots (worn)
   (You found it on level 2 of the Dungeon)
 G - a +0 pair of gloves (worn)
   (You found it on level 6 of the Dungeon)
Jewellery
 c - an uncursed amulet of regeneration {+regen, !d}
   (You found it on level 1 of the Dungeon)
 h - a +6 ring of intelligence {unknown}
   (You found it on level 4 of the Dungeon)
 i - an amulet of reflection (around neck)
   (You found it on level 1 of the Dungeon)
 k - a +4 ring of slaying (left hand)
   (You found it on level 2 of the Dungeon)
 m - a +4 ring of slaying (right hand)
   (You found it on level 2 of the Dungeon)
 n - an uncursed ring of magical power {MP+9}
   (You found it on level 2 of the Dungeon)
 p - an uncursed ring of flight {unknown}
   (You found it on level 3 of the Dungeon)
 C - an uncursed ring of wizardry {unknown}
   (You found it on level 5 of the Dungeon)
Wands
 o - a wand of random effects (8)
   (Xom gifted it to you in a sewer)
 F - a wand of disintegration (4)
   (You found it on level 6 of the Dungeon)
Scrolls
 d - a scroll of enchant weapon {unknown}
 e - 8 scrolls of identify
 l - a scroll of random uselessness {unknown}
 q - 3 scrolls of fear
 v - 6 scrolls of teleportation {unknown}
 w - 2 scrolls of blinking {!r}
 x - 2 scrolls of fog
 y - a scroll of magic mapping {!r}
 A - 2 scrolls of enchant armour {unknown}
 E - a scroll of remove curse
Potions
 g - 2 potions of resistance
 j - a potion of brilliance {unknown}
 r - 2 potions of heal wounds {unknown}
 s - 2 potions of magic {unknown}
 t - 4 potions of might {unknown}
 u - a potion of curing {unknown}
 z - a potion of haste
 B - a potion of stabbing {unknown}
 D - a potion of ambrosia {unknown}


   Skills:
 - Level 4.0 Fighting
 + Level 12.5 Long Blades
 - Level 2.4 Armour
 - Level 1.1 Dodging


You had 7 spell levels left.
You didn't know any spells.
Your spell library was empty.

Dungeon Overview and Level Annotations

Branches:
Dungeon (6/15)             Temple (0/1) D:4           Sewer (visited)

Altars:

Shops:
D:6 *


Innate Abilities, Weirdness & Mutations

You reflexively headbutt those who attack you in melee.
You have a pair of horns on your head.


Message History

You riposte.
You closely miss the orc warrior. You headbutt the orc warrior!
The orc warrior is moderately wounded.
You barely miss the orc warrior.
The orc warrior is moderately wounded.
You block the orc warrior's attack.
You barely miss the orc warrior.
The orc warrior is moderately wounded.
You barely miss the orc warrior. You headbutt the orc warrior!
The orc warrior is severely wounded.
The orc warrior barely misses you.
You hit the orc warrior. You freeze the orc warrior.
You kill the orc warrior!
Things that are here:
a +0 halberd; a +0 chain mail; an orc corpse You see here a wand of enslavement (5).
Things that are here:
a cursed -3 hand axe; a leopard gecko corpse
G - a pair of gloves You regained 4 hp, and now have 65/66 hp.
A hound comes into view.
The hound barks!
You hit the hound.
The hound is moderately wounded.
An adder skeleton comes into view.
The hound barely misses you.
You riposte.
You slash the hound!
You feel better.
You kill the hound!
Health restored: 66 You slash the adder skeleton!
The adder skeleton convulses.
The adder skeleton is severely damaged.
The adder skeleton misses you. You furiously retaliate!
You headbutt the adder skeleton!
You destroy the adder skeleton!
You start putting on your armour.
You continue putting on your pair of gloves. x4
You finish putting on your +0 pair of gloves.
An orc priest and an orc wizard come into view.
The orc priest is wielding a +2 vorpal flail.
The orc priest shouts!
An orc comes into view. It is wielding a +0 whip.
The orc priest miscasts a cantrip.
There are monsters nearby!
You hit the orc priest.
The orc priest changes into a shapeshifter!
Xom thinks this is hilarious!
The shapeshifter changes into a raiju!
The orc wizard hits you but does no damage.
You slash the orc wizard! You freeze the orc wizard.
The orc wizard is almost dead.
The orc wizard hits you with a +0 dagger.
You take 3 damage, and have 63/66 hp.
You closely miss the raiju. Your headbutt misses the raiju.
The raiju completely misses you. You furiously retaliate!
You headbutt the raiju.
You riposte.
You barely miss the raiju. You headbutt the raiju!
The raiju is heavily wounded.
You closely miss the raiju.
The raiju is heavily wounded.
You slash the raiju!
The raiju is severely wounded.
The raiju bites you. The raiju shocks you!
The orc wizard gestures wildly while chanting.
The orc wizard flickers and vanishes!
Deactivating autopickup; reactivate with Ctrl-A.
You take 9 damage, and have 54/66 hp.
You closely miss the raiju.
The raiju is severely wounded.
The orc hits you with a +0 whip.
The raiju bursts into living lightning!
The living lightning hits you! The living lightning hits you!!
* * * LOW HITPOINT WARNING * * *
A shower of butterflies erupts from you!
The raiju blinks!
Something hits you but does no damage.
You take 38 damage, and have 16/66 hp.
MASSIVE DAMAGE!!
You swap places.
The orc hits your butterfly with a +0 whip!
Your butterfly dies!
The raiju closely misses your butterfly.
Something hits you but does no damage.
Evoke which item? (* to show all) (? for menu, Esc to quit)
Aiming: Disintegrate
Press: ? - help, Shift-Dir - straight line, f - orc
Aim: an orc, wielding a +0 whip and wearing a cursed +0 scale mail (chance to defeat MR: 80%)
Okay, then.
Evoke which item? (* to show all) (? for menu, Esc to quit)
Press: ? - help, Shift-Dir - straight line, f - raiju
Aim: a raiju shaped shifter (severely wounded, chance to defeat MR: 65%) Nothing appears to happen.
Evoke which item? (* to show all) (? for menu, Esc to quit)
Aiming: Disintegrate
Press: ? - help, Shift-Dir - straight line, f/p - raiju
Aim: a raiju shaped shifter (severely wounded, chance to defeat MR: 65%)
Something is blasted!
Reactivating autopickup.
You feel a bit more experienced. "Time to have some fun!"
The orc's +0 whip dances into the air!
The orc hits you.
* * * LOW HITPOINT WARNING * * *
The raiju bursts into living lightning!
The living lightning hits you!
You die...

#...##.................
##......#...........∩.).
#........##..###.#.....÷.
#........##...####.≈...#.
#........##...# ##.......
#......$# ##..###.....##.
##.......### #.........###
....b.(.o#.###..#......# #
....bb.h)@.....##......#.#
......b........###........
......).(####.##.#.....##.
......#b.# #.............
..... #...###.......#.....
.... ##.###........##....
... #...##.##.##.##.... ..
#........###....... .
#...........##......


You could see a raiju shaped shifter, an orc and a friendly +0 whip.

Vanquished Creatures
  2 orc warriors (D:6)
  2 ice beasts
  A phantom (D:4)
  An ogre (D:5)
  3 bullfrogs
  A scorpion (D:4)
  A centaur zombie (D:6)
  2 orc wizards (D:6)
  A centaur skeleton (D:6)
  3 hounds
  4 worker ants
  An iguana (D:6)
  6 adders
  6 river rats
  2 shadow imps (D:6)
  3 oozes
  3 adder skeletons
  4 worms
  A dart slug (D:3)
  6 leopard geckos
  17 orcs
  8 bats
  2 giant cockroaches (D:2)
  9 goblins
  10 hobgoblins
  8 jackals
  3 quokkas
  15 ball pythons
  5 frilled lizards
  3 kobolds
  32 rats
165 creatures vanquished.

Vanquished Creatures (collateral kills)
  A rat (D:1)
1 creature vanquished.

Vanquished Creatures (others)
  2 plants (D:1)
2 creatures vanquished.

Grand Total: 168 creatures vanquished

Notes
Turn   | Place    | Note
-------+----------+-------------------------------------------
     0 | D:1      | Irenicus the Minotaur Chaos Knight began the quest for the
                  | Orb.
     0 | D:1      | Reached XP level 1. HP: 19/19 MP: 0/0
    80 | D:1      | Reached skill level 4 in Long Blades
   217 | D:1      | Reached XP level 2. HP: 26/26 MP: 1/1
   310 | D:1      | XOM: divination: magic mapping
   311 | D:1      | XOM: silly message
   723 | D:2      | Reached skill level 5 in Long Blades
   725 | D:2      | Reached XP level 3. HP: 28/31 MP: 2/2
  1007 | D:2      | XOM: 4-stop teleportation journey
  1041 | D:2      | Reached skill level 6 in Long Blades
  1041 | D:2      | Reached XP level 4. HP: 34/39 MP: 3/3
  1461 | D:3      | Reached skill level 4 in Fighting
  1579 | D:3      | XOM: silly message
  1596 | D:3      | Found a glowing drain.
  1600 | D:3      | Reached XP level 5. HP: 39/46 MP: 4/4
  1605 | Sewer    | Entered a sewer
  1670 | Sewer    | HP: 7/46 [river rat (8)]
  1675 | Sewer    | HP: 7/46 [river rat (1)]
  1675 | Sewer    | HP: 3/46 [river rat (4)]
  1676 | Sewer    | Reached skill level 7 in Long Blades
  2095 | Sewer    | Reached skill level 8 in Long Blades
  2095 | Sewer    | Reached XP level 6. HP: 38/52 MP: 5/5
  2100 | Sewer    | XOM: confuse monster(s)
  2103 | Sewer    | XOM: noise
  2104 | Sewer    | XOM: god gift: curved silver wand {god gift}
  2107 | Sewer    | Noticed an ice beast
  2107 | Sewer    | an adder changed into an ice beast
  2108 | Sewer    | Killed an ice beast
  2121 | Sewer    | Reached skill level 9 in Long Blades
  2585 | D:4      | XOM: 1-stop teleportation journey
  2601 | D:4      | Reached XP level 7. HP: 55/59 MP: 6/6
  2618 | D:4      | XOM: silly message
  2709 | D:4      | Found a staircase to the Ecumenical Temple.
  2892 | D:4      | XOM: 2-stop teleportation journey
  2918 | D:4      | XOM: cast spell 'Monstrous Menagerie'
  3006 | D:4      | XOM: divination: magic mapping
  3011 | D:4      | Reached skill level 10 in Long Blades
  3196 | D:5      | Entered Level 5 of the Dungeon
  3760 | D:6      | XOM: silly message
  3782 | D:6      | Found Obidit's Elemental Accessories.
  3798 | D:6      | Reached skill level 11 in Long Blades
  3801 | D:6      | XOM: enchant monster (good)
  3807 | D:6      | Reached XP level 8. HP: 46/66 MP: 7/7
  3949 | D:6      | Reached skill level 12 in Long Blades
  4045 | D:6      | Noticed a shapeshifter
  4045 | D:6      | an orc priest changed into a shapeshifter
  4045 | D:6      | Noticed a raiju
  4045 | D:6      | a shapeshifter changed into a raiju
  4050 | D:6      | HP: 16/66 [raiju (shapeshifter)/living lightning (26)]
  4050 | D:6      | XOM: butterfly on damage
  4054 | D:6      | Killed from afar by a raiju (shapeshifter)

Illustrated notes

Levels and vault maps discovered:
D:1:      nicolae_arrival_washed_ashore, layout_rooms, serial_bayou_lagoon_a
D:2:      layout_basic, kennysheep_potato
D:3:      layout_basic, portal_sewer_entry_e, minmay_goblin_outpost
D:4:      layout_basic, minmay_temple_entry_enclosed_plants
D:5:      layout_gridville, due_unseen_surprise
D:6:      layout_cave_pools, nicolae_elemental_shop,
          minmay_fractal_squares_gapless_5

Skill      XL: |  1  2  3  4  5  6  7  8 |
---------------+-------------------------+-----
Long Blades    | 4 5 6 8 9 11 12 | 12.5
Fighting       | 4 |  4.0
Armour         | |  2.4
Dodging        | |  1.1

Action                   |  1- 3 |  4- 6 |  7- 9 || total
-------------------------+-------+-------+-------++-------
Melee: Falchion          |    53 |   159 |    83 ||   295
       Headbutt          |    14 |    22 |    15 ||    51
Evoke: Wand              |       |     2 |     2 ||     4
  Use: Scroll            |     3 |     4 |       ||     7
       Potion            |       |     2 |       ||     2
 Stab: Paralysed         |       |     4 |     2 ||     6
       Petrified         |       |     1 |       ||     1
       Sleeping          |       |       |     1 ||     1
       Distracted        |       |       |     1 ||     1
Armor: Leather armour    |    27 |    44 |    20 ||    91
Dodge: Dodged            |    32 |    75 |    31 ||   138
Block: Other             |     8 |    30 |     9 ||    47
       Reflection        |     2 |     3 |       ||     5
       Rpst.: Falchion   |     8 |    17 |    11 ||    36

Table legend: (Time is in decaauts)
 A = Elapsed time spent in this place.
 B = Non-inter-level travel time spent in this place.
 C = Inter-level travel time spent in this place.
 D = Time resting spent in this place.
 E = Time spent auto-exploring this place.
 F = Levels seen in this place.
 G = Mean time per level.
                   A        B        C        D        E       F      G
               +--------+--------+--------+--------+--------+-----+--------+
         Total |   4069 |   3988 |     81 |    233 |   2739 |   7 |  581.3 |
       Dungeon |   3492 |   3411 |     81 |      0 |   2697 |   6 |  582.0 |
         Sewer |    576 |    576 |      0 |    233 |     42 |   1 |  576.0 |
               +--------+--------+--------+--------+--------+-----+--------+

Top non-repeatable levels by time:
     D:2: 811 daAuts
     D:4: 662 daAuts
     D:1: 592 daAuts
     D:3: 589 daAuts
   Sewer: 576 daAuts
     D:5: 557 daAuts
     D:6: 280 daAuts

Table legend:
 A = Kills in this place as a percentage of kills in entire the game.
 B = Kills by you in this place as a percentage of kills by you in the entire game.
 C = Kills by friends in this place as a percentage of kills by friends in the entire game.
 D = Other kills in this place as a percentage of other kills in the entire game.
 E = Experience gained in this place as a percentage of experience gained in the entire game.
 F = Experience gained in this place divided by the number of levels of this place that you have seen.
                   A       B       C       D       E      F
               +-------+-------+-------+-------+-------+----------------------
         Total | 100.0 | 100.0 | 100.0 |   N/A | 100.0 | 293.3
       Dungeon |  71.1 |  70.9 | 100.0 |   N/A |  76.5 | 261.8
         Sewer |  28.9 |  29.1 |   0.0 |   N/A |  23.5 | 482.0
               +-------+-------+-------+-------+-------+----------------------
